 Dungeon Crawl Stone Soup version 0.23.1 (webtiles) character file.

Game seed: 5280183658728607259

492 Borgoz the Vexing (level 7, -15/50 HPs)
             Began as a Ghoul Enchanter on Mar 5, 2019.
             Demolished by an ogre
             ... wielding a +0 giant club
              (25 damage)
             ... on level 5 of the Dungeon.
             The game lasted 00:08:23 (4178 turns).

Borgoz the Vexing (Ghoul Enchanter)                 Turns: 4178, Time: 00:08:23

Health: -15/50     AC:  4    Str: 12    XL:     7   Next: 14%
Magic:  1/9        EV: 13    Int: 11    God:
Gold:   313        SH:  0    Dex: 10    Spells: 4/10 levels left

rFire    . . .     SeeInvis .   a - +2 dagger
rCold    + . .     Gourm    .   (no shield)
rNeg     + + +     Faith    .   j - +0 robe (curse)
rPois    ∞         Spirit   .   (no helmet)
rElec    .         Reflect  .   (no cloak)
rCorr    .         Harm     .   (no gloves)
MR       .....                  f - +1 pair of boots
Stlth    ++........             (no amulet)
HPRegen  0.00/turn              h - ring of flight
MPRegen  0.11/turn              (no ring)

@: very slightly contaminated, rotting
A: rotting body, claws 1, carnivore, cold resistance 1, negative energy
resistance 3, inhibited regeneration, torment resistance, unbreathing
a: Evoke Flight


You were on level 5 of the Dungeon.
You were not hungry.

You visited 1 branch of the dungeon, and saw 6 of its levels.

You collected 313 gold pieces.

Inventory:

Hand Weapons
 a - a +2 dagger (weapon)
Missiles
 n - 15 poisoned needles
Armour
 f - a +1 pair of boots (worn)
 j - a cursed +0 robe (worn)
Jewellery
 h - a ring of flight (left claw)
 p - an uncursed amulet of magic regeneration {unknown}
Wands
 i - a wand of iceblast (9)
Scrolls
 b - a scroll of fog
 e - a scroll of amnesia
 k - a scroll of teleportation
 l - 2 scrolls of magic mapping
 m - a scroll of remove curse
 o - a scroll of identify
Potions
 g - 2 potions of heal wounds
 q - a potion of lignification {unknown}
Comestibles
 c - a chunk of flesh
 d - 7 rations


   Skills:
 + Level 3.5 Short Blades
 + Level 2.3 Armour
 + Level 3.6 Dodging
 - Level 3.2 Stealth
 + Level 2.2 Spellcasting
 + Level 3.7 Hexes


You had 4 spell levels left.
You knew the following spells:

 Your Spells              Type           Power        Failure   Level  Hunger
a - Corona                Hex            #......      6%          1    ##.....
b - Ensorcelled Hibernat  Hex/Ice        #.....       21%         2    ###....
c - Confuse               Hex            #.......     19%         3    ####...

Your spell library contained the following spells:

 Spells                   Type           Power        Failure   Level  Hunger
 Tukima's Dance           Hex            #.......     19%         3    ####...
 Dazzling Spray           Conj/Hex       #.....       36%         3    ####...


Dungeon Overview and Level Annotations

Branches:
Dungeon (6/15)
 Temple: D:4-7

Altars:
Makhleb
Nemelex Xobeh

Shops:
D:4 %


Innate Abilities, Weirdness & Mutations

Your body is rotting away.
You thrive on raw meat.
You are immune to poison.
You have sharp fingernails.
You are carnivorous and can eat meat at any time.
Your flesh is cold resistant. (rC+)
You are immune to negative energy. (rN+++)
You do not regenerate when monsters are visible.
You are immune to unholy pain and torment.
You can survive without breathing.


Message History

Confirm with . or Enter, or press ? or * to list all spells.
Aiming: Ensorcelled Hibernation (safe; 21% risk of failure)
Press: ? - help, Shift-Dir - straight line, f/p - ogre
Aim: an ogre, wielding a +0 giant club (chance to defeat MR: 37%)
The ogre looks drowsy...
The helpless ogre fails to defend itself.
You impale the ogre!!
The ogre is severely wounded.
An ogre comes into view. It is wielding a +0 giant spiked club.
The ogre hits you with a +0 giant club!!
Ouch! That really hurt!
* * * LOW HITPOINT WARNING * * *
The ogre shouts!
You hit the ogre.
The ogre is almost dead.
You barely miss the ogre.
The ogre is almost dead.
The ogre hits you with a +0 giant club!!
Ouch! That really hurt!
You die...

##...##
#...##
##...##
##....##
#..##..##
##.#####.##
# #..# ##.#
....#####.##
###
#.....O@..#
#.O...$..##
..########


You could see 2 ogres.

Vanquished Creatures
  A centaur (D:5)
  A bullfrog (D:6)
  A wight (D:6)
  A howler monkey (D:4)
  2 iguanas (D:4)
  An orc wizard (D:4)
  A hound zombie (D:5)
  A gnoll (D:4)
  6 adders
  A shadow imp (D:4)
  An ooze (D:4)
  An adder skeleton (D:2)
  A worm (D:2)
  3 dart slugs
  7 leopard geckos
  13 orcs
  7 bats
  8 giant cockroaches
  9 goblins
  8 hobgoblins
  2 quokkas
  4 kobolds
  2 leopard gecko skeletons
  6 rats
88 creatures vanquished.

Notes
Turn   | Place    | Note
-------+----------+-------------------------------------------
     0 | D:1      | Borgoz the Ghoul Enchanter began the quest for the Orb.
     0 | D:1      | Reached XP level 1. HP: 14/14 MP: 2/2
    24 | D:1      | Reached skill level 1 in Short Blades
   314 | D:1      | Reached XP level 2. HP: 18/20 MP: 3/3
   859 | D:1      | Reached XP level 3. HP: 24/26 MP: 4/4
   980 | D:2      | Learned a level 2 spell: Ensorcelled Hibernation
  1612 | D:2      | Reached XP level 4. HP: 30/33 MP: 5/5
  2296 | D:3      | Found a sparkling altar of Nemelex Xobeh.
  2381 | D:3      | Learned a level 3 spell: Confuse
  2613 | D:3      | Reached skill level 1 in Armour
  2613 | D:3      | Reached XP level 5. HP: 38/38 MP: 6/6
  3075 | D:4      | Found Coiheul's Food Shop.
  3093 | D:4      | Reached XP level 6. HP: 27/45 MP: 2/7
  3664 | D:4      | Found a burning altar of Makhleb.
  3664 | D:4      | Noticed a cacodemon
  3667 | D:4      | Noticed a hellwing
  3667 | D:4      | Noticed an orange demon
  3681 | D:5      | Entered Level 5 of the Dungeon
  3888 | D:5      | Noticed a phantom
  3945 | D:6      | Reached XP level 7. HP: 43/50 MP: 9/9
  4178 | D:5      | Demolished by an ogre

Skill      XL: |  1  2  3  4  5  6 |
---------------+-------------------+-----
Short Blades   | 1 2 3 |  3.5
Dodging        | 2 3 |  3.6
Hexes          | 3 |  3.7
Armour         | 1 2 |  2.3
Spellcasting   | 2 |  2.2
Stealth        | |  3.2

Action                   |  1- 3 |  4- 6 |  7- 9 || total
-------------------------+-------+-------+-------++-------
Melee: Dagger            |   169 |   184 |    21 ||   374
 Cast: Corona            |     2 |       |       ||     2
       Ensorcelled Hiber |     2 |    17 |     4 ||    23
       Confuse           |       |       |     3 ||     3
  Use: Potion            |     3 |       |     1 ||     4
       Scroll            |     5 |     5 |       ||    10
 Stab: Sleeping          |     5 |    17 |     2 ||    24
       Confused          |       |       |     1 ||     1
  Eat: Chunk             |    13 |    11 |     1 ||    25
Armor: Robe              |    46 |    30 |       ||    76
Dodge: Dodged            |   114 |   131 |    10 ||   255
